 Dungeon Crawl Stone Soup version 0.32-a0-350-g4f4d228785 (console) character file.

Game seed: 13752695593740172169

3484 tevi the Toxicologist (level 10, 0/52 (56) HPs)
             Began as an Octopode Wanderer on Feb 17, 2024.
             Was an Initiate of Gozag.
             Slain by a wight
             ... wielding a +3 war axe
              (15 damage)
             ... on level 7 of the Dungeon.
             The game lasted 00:32:40 (8501 turns).

tevi the Toxicologist (Octopode Wanderer)           Turns: 8501, Time: 00:32:41

HP:   0/52 (56)     AC:  1    Str:  8    XL:     10   Next: 7%
MP:   15/21         EV: 11    Int: 18    God:    Gozag
Gold: 380           SH:  6    Dex: 16    Spells: 14/23 levels left

rFire   + . .        h - +5 dagger
rCold   . . .        c - +1 buckler
rNeg    + . .        (helmet restricted)
rPois   +            (no amulet)
rElec   .            j - ring of positive energy
rCorr   +            n - ring of poison resistance
SInv    .            r - ring of protection from fire
Will    .....        w - ring of resist corrosion
Stlth   ++           (no ring)
HPRegen 0.28/turn    (no ring)
MPRegen 0.17/turn    (no ring)
                     (no ring)

%: no passive effects
@: very slightly contaminated, drained
A: almost no armour, amphibious, 8 rings, camouflage 1, gelatinous body 1,
(nimble swimmer 1), tentacles
a: Renounce Religion, Potion Petition, Call Merchant, Bribe Branch


You were on level 7 of the Dungeon.
You worshipped Gozag.
Gozag was aware of your devotion.
You visited 2 branches of the dungeon, and saw 9 of its levels.
You also visited: Ossuary.

You collected 540 gold pieces.
You paid 160 gold pieces to Gozag.

Inventory:

Hand Weapons
 h - a +5 dagger (weapon)
Missiles
 q - 4 curare-tipped darts (quivered)
Armour
 c - a +1 buckler (worn)
Jewellery
 j - a ring of positive energy (left tentacle)
 n - a ring of poison resistance (right tentacle)
 r - a ring of protection from fire (on tentacle)
 t - a ring of ice
 w - a ring of resist corrosion (on tentacle)
Talismans
 y - a serpent talisman
Wands
 e - a wand of flame (4)
Scrolls
 b - a scroll of fear
 g - 3 scrolls of enchant armour
 k - a scroll of identify
 l - 2 scrolls of revelation
 o - 5 scrolls of teleportation
 x - a scroll of poison
 z - a scroll of amnesia {unknown}
 A - a scroll of immolation {unknown}
Potions
 a - a potion of curing
 d - 3 potions of might {unknown}
 f - 2 potions of brilliance {unknown}
 i - 3 potions of ambrosia {unknown}
 m - a potion of heal wounds
 p - 2 potions of haste {unknown}
 v - a potion of enlightenment


   Skills:
 - Level 5.0 Shields
 + Level 7.3 Spellcasting
 + Level 5.3 Conjurations
 - Level 5.0 Ice Magic
 - Level 8.0 Alchemy
 - Level 4.0 Evocations
 * Level 3.0 Shapeshifting


You had 14 spell levels left.
You knew the following spells:

 Your Spells              Type           Power      Damage    Failure   Level
a - Sting                 Conj/Alch      100%       1d9       1%          1
b - Freeze                Ice            96%        1d10      1%          1
c - Frozen Ramparts       Ice            48%        1d8       6%          3
d - Fulminant Prism       Conj/Alch      15%        3d10      10%         4

Your spell library contained the following spells:

 Spells                   Type           Power      Damage    Failure   Level
 Cigotuvi's Dreadful Rot  Necr/Alch/Air  32%        N/A       8%          2
 Sublimation of Blood     Necr           6%         N/A       22%         2
 Irradiate                Conj/Alch      15%        3d16      26%         5
 Petrify                  Alch/Erth      21%        N/A       28%         4
 Gell's Gravitas          Tloc           6%         N/A       41%         3
 Teleport Other           Tloc           6%         N/A       41%         3
 Manifold Assault         Tloc           6%         N/A       83%         4
 Dispersal                Tloc           3%         N/A       100%        6
 Disjunction              Tloc           3%         N/A       100%        8


Dungeon Overview and Level Annotations

Branches:
Dungeon (8/15)             Temple (1/1) D:7         Ossuary (visited)
   Lair: D:8-11

Altars:
Fedhas
Gozag
Hepliaklqana
Kikubaaqudgha
Makhleb
Nemelex Xobeh
Okawaru
Qazlal
Ru
Sif Muna
Trog
Uskayaw
Vehumet
Zin
The Shining One

Shops:
D:1 !:[*   D:7 =


Innate Abilities, Weirdness & Mutations

You cannot wear most types of armour.
You are amphibious.
You can wear up to eight rings at the same time.
Your skin changes colour to match your surroundings (Stealth+).
Your rubbery body absorbs attacks. (AC +1, EV +1)
((You are camouflaged when in or above water. (Stealth+)))
You have tentacles for arms and can constrict up to eight enemies at once.


Message History

Confirm with . or Enter, or press ? or * to list all spells.
Aiming: Fulminant Prism (dangerous; 10% risk of failure)
Press: ? - help, Dir - move target You miscast Fulminant Prism.
You are very lightly contaminated with residual magic.
Parts of your body briefly turn golden. The wight hits you with a +3 war axe!!
You climb upwards.
There is a stone staircase leading down, spattered with blood here.
Press: ? - help, v - describe, . - travel A stone staircase leading down, spattered with blood.
You hit the wight but do no damage. You grab the wight.
The wight is moderately damaged.
You constrict the wight, but do no damage.
You block the wight's attack.
You hit the wight. Your squeeze misses the wight.
The wight is heavily damaged.
You constrict the wight. The wight hits you with a +3 war axe!
You partially resist.
You feel drained.
You hit the wight.
The wight is severely damaged.
You constrict the wight, but do no damage.
The wight hits you with a +3 war axe!
* * * LOW HITPOINT WARNING * * *
You barely miss the wight.
The wight is severely damaged.
You constrict the wight. You block the wight's attack.
You hit the wight but do no damage.
The wight is severely damaged.
You constrict the wight, but do no damage.
The wight hits you with a +3 war axe.
* * * LOW HITPOINT WARNING * * *
You partially resist.
You feel drained.
Press: ? - help, v - describe, . - travel
Here: a wight, wielding a +3 war axe and wearing a +0 robe (severely damaged, constricted by you)
The floor.
Unknown command.
You feel better.
You constrict the wight. The wight hits you with a +3 war axe!
You die...
Your body crumbles into a pile of gold.

.............................##..
...........................[.....
..........................>......
.##..##..>...###+##'###..##..##..
.######......###.##..##..##..##..
......#......#............#..#...
......#......#............#..#...
......'......'.z..........#..#...
###..##..##..###@##############.#
###..##..#######.##############+#
.#...#.............#....#..+.....
.'...#.............#....#..#.....
.#...#.............#....'..#.....
##..###.###.######.##..##..##...#
##'####.###.#########..##..##...#
.....#...#.............#.........
.....#...#.............#......<..


You could see a wight.

Vanquished Creatures
  Pikel (D:5)
  Maggie (D:6)
  Eustachio (D:6)
  A steam dragon (D:7)
  2 vampire mosquitoes (D:7)
  A water moccasin (D:6)
  A sky beast (D:7)
  A black bear (D:6)
  2 lemures (D:5)
  A phantom (D:6)
  2 elf zombies (Ossuary)
  Blork the orc (D:5)
  A kobold brigand (D:6)
  A wyvern zombie (D:8)
  3 scorpions
  5 wights
  A howler monkey (D:8)
  2 bombardier beetles (D:4)
  8 hounds
  A centaur zombie (D:8)
  2 jellies (D:6)
  An orc priest (D:7)
  Crazy Yiuf (D:3)
  Natasha (thrice) (D:2)
  Terence (D:3)
  Ijyb (D:3)
  3 iguanas
  2 orc wizards
  3 hound zombies (Ossuary)
  4 mummies (Ossuary)
  6 adders
  3 shadow imps
  A white imp (D:5)
  4 ufetubi
  3 ribbon worms
  A dart slug (D:5)
  19 orcs
  4 ball pythons
  7 endoplasms
  A giant cockroach (D:2)
  9 goblins
  8 hobgoblins
  2 quokkas
  4 bats
  3 frilled lizards
  A gnoll zombie (Ossuary)
  A goblin zombie (Ossuary)
  7 kobolds
  A kobold zombie (Ossuary)
  7 rats
  4 rat zombies (Ossuary)
  A butterfly (D:7)
155 creatures vanquished.

Vanquished Creatures (others)
  16 fulminant prisms
16 creatures vanquished.

Grand Total: 171 creatures vanquished

Notes
Turn   | Place    | Note
-------+----------+-------------------------------------------
     0 | D:1      | tevi the Octopode Wanderer began the quest for the Orb.
     0 | D:1      | tevi set off with the following items: a +0 dagger, a
                  | scroll of fear, a +0 buckler; and the following spells
                  | available to memorise: Sting, Freeze, Cigotuvi's Dreadful
                  | Rot, Frozen Ramparts, Fulminant Prism.
     0 | D:1      | Reached XP level 1. HP: 11/11 MP: 2/2
     2 | D:1      | Learned a level 1 spell: Sting
     4 | D:1      | Learned a level 1 spell: Freeze
   117 | D:1      | Found Kidghesm's Distillery.
   141 | D:1      | Reached XP level 2. HP: 17/17 MP: 0/3
   391 | D:1      | Found Ejiveaci's Antique Armour Emporium.
   509 | D:1      | Reached XP level 3. HP: 21/21 MP: 3/5
   534 | D:1      | Learned a level 3 spell: Frozen Ramparts
   673 | D:1      | Found Gejyhot's Assorted Antiques.
   766 | D:1      | Found Bookar's Book Shoppe.
  1350 | D:2      | Reached XP level 4. HP: 27/27 MP: 5/7
  1400 | D:2      | Reached skill level 5 in Alchemy
  1524 | D:2      | Noticed Natasha
  1560 | D:2      | Killed Natasha
  1564 | D:2      | Noticed Natasha
  1576 | D:2      | Killed Natasha
  1577 | D:2      | Reached XP level 5. HP: 31/31 MP: 1/9
  2088 | D:2      | Noticed Natasha
  2108 | D:2      | Killed Natasha
  2401 | D:3      | Noticed Ijyb
  2515 | D:3      | Noticed Terence
  2728 | D:3      | Found a runed translucent door.
  2729 | D:3      | Noticed Crazy Yiuf
  2789 | D:3      | Found a faded altar of an unknown god.
  2852 | D:3      | Reached XP level 6. HP: 34/36 MP: 10/10
  2906 | D:3      | Reached skill level 1 in Conjurations
  3039 | D:3      | Killed Terence
  3312 | D:3      | Killed Ijyb
  3566 | D:3      | Killed Crazy Yiuf
  3708 | D:5      | Entered Level 5 of the Dungeon
  4204 | D:4      | Reached XP level 7. HP: 39/41 MP: 4/12
  5186 | D:5      | Noticed Pikel
  5199 | D:5      | Killed Pikel
  5200 | D:5      | Reached skill level 5 in Ice Magic
  5200 | D:5      | Reached skill level 6 in Alchemy
  5200 | D:5      | Reached XP level 8. HP: 45/46 MP: 7/14
  5348 | D:5      | Reached skill level 5 in Shields
  5418 | D:5      | Noticed Blork the orc
  5582 | D:5      | Killed Blork the orc
  5814 | D:6      | Noticed Maggie
  5845 | D:6      | Reached skill level 5 in Spellcasting
  6025 | D:5      | Learned a level 4 spell: Fulminant Prism
  6090 | D:6      | Reached skill level 7 in Alchemy
  6168 | D:6      | Killed Maggie
  6169 | D:6      | Reached skill level 5 in Conjurations
  6169 | D:6      | Reached XP level 9. HP: 25/51 MP: 9/17
  6218 | D:6      | Found a sand-covered staircase.
  6224 | Ossuary  | Entered an ossuary
  6287 | Ossuary  | HP: 2/51 [elf zombie (6)]
  6305 | Ossuary  | Reached skill level 1 in Evocations
  6839 | D:6      | Noticed Eustachio
  6852 | D:6      | Killed Eustachio
  7780 | D:7      | Found Bopriribb's Jewellery Shop.
  7822 | D:7      | Found a staircase to the Ecumenical Temple.
  7875 | Temple   | Entered the Ecumenical Temple
  7881 | Temple   | Became a worshipper of Gozag Ym Sagoz the Greedy
  8118 | D:7      | Reached skill level 1 in Shapeshifting
  8221 | D:8      | Reached skill level 8 in Alchemy
  8383 | D:8      | Reached XP level 10. HP: 39/56 MP: 12/20
  8501 | D:7      | Slain by a wight

Illustrated notes

Levels and vault maps discovered:
D:1:      spicycebolla_arrival_xxxplode, layout_basic, serial_shops,
          nicolae_shop_trees, shop, shop, nicolae_shop_getting_attention
D:2:      layout_basic, minmay_tall_x, uniq_natasha
D:3:      layout_loops_ring, ebering_ecumenical_altar_webs,
          roderic_cross_of_infinity, minmay_misc_feat_square,
          corexii_item_surrounded_by_moat, uniq_crazy_yiuf_cottage,
          uniq_terence, uniq_ijyb
D:4:      layout_cave_pods
D:5:      layout_rooms, serial_rivers, chequers_serial_rivers_micro_a,
          chequers_serial_rivers_small_a, chequers_serial_rivers_room_b,
          chequers_serial_rivers_micro_e, chequers_serial_rivers_small_3,
          chequers_serial_rivers_small_b, uniq_blork_the_orc, uniq_pikel
D:6:      layout_rooms, enter_ossuary_2, uniq_eustachio, uniq_maggie
D:7:      layout_gridville, minmay_temple_entry_butterflies,
          hangedman_decor_peaks_small, minivault_22, hangedman_glass_teeth,
          minmay_shop_enchanted_jewellery
D:8:      layout_rooms, minitemple, dpeg_oklobed_lair, serial_undead,
          serial_undead_c, serial_undead_d, serial_undead_e, serial_undead_f,
          serial_shops, nicolae_shop_stone, columned_hall_lemuel,
          chequers_serial_rivers_small_3
Temple:   nicolae_temple_no_exploring_needed

Skill      XL: |  1  2  3  4  5  6  7  8  9 10 |
---------------+-------------------------------+-----
Spellcasting   | 2 3 4 5 7 |  7.3
Ice Magic      | 3 4 5 |  5.0
Alchemy        | 5 6 7 8 |  8.0
Conjurations   | 1 3 5 |  5.3
Shields        | 4 5 |  5.0
Evocations     | 4 |  4.0
Shapeshifting  | 2 3 |  3.0

Action                     |  1- 3 |  4- 6 |  7- 9 | 10-12 || total
---------------------------+-------+-------+-------+-------++-------
  Melee: Dagger            |     8 |    89 |   148 |     7 ||   252
         Tentacles         |     5 |    17 |    45 |     1 ||    68
         Constrict         |     5 |    20 |    42 |     2 ||    69
  Throw: Dart              |       |     3 |     6 |       ||     9
   Cast: Sting             |    28 |    13 |    11 |       ||    52
         Freeze            |     2 |     4 |     8 |       ||    14
         Frozen Ramparts   |       |    12 |    31 |       ||    43
         Fulminant Prism   |       |       |    14 |     2 ||    16
  Evoke: Wand              |       |       |    20 |       ||    20
    Use: Scroll            |       |     2 |     9 |       ||    11
         Potion            |       |       |     4 |     1 ||     5
   Stab: Sleeping          |       |     6 |     4 |       ||    10
         Distracted        |       |       |     1 |       ||     1
 Armour: Skin              |     7 |    45 |    96 |     8 ||   156
  Dodge: Dodged            |     1 |    61 |    86 |     1 ||   149
  Block: Buckler           |       |     1 |    51 |     2 ||    54

Table legend: (Time is in decaauts)
 A = Elapsed time spent in this place.
 B = Non-inter-level travel time spent in this place.
 C = Inter-level travel time spent in this place.
 D = Time resting spent in this place.
 E = Time spent auto-exploring this place.
 F = Levels seen in this place.
 G = Mean time per level.
                   A        B        C        D        E       F      G
               +--------+--------+--------+--------+--------+-----+--------+
         Total |   8521 |   7924 |    597 |   1899 |   4049 |  10 |  852.1 |
       Dungeon |   8096 |   7509 |    587 |   1821 |   3943 |   8 | 1012.0 |
        Temple |     12 |      2 |     10 |      0 |      0 |   1 |   12.0 |
       Ossuary |    412 |    412 |      0 |     78 |    106 |   1 |  412.0 |
               +--------+--------+--------+--------+--------+-----+--------+

Top non-repeatable levels by time:
     D:3: 1382 daAuts
     D:1: 1188 daAuts
     D:7: 1181 daAuts
     D:4: 1180 daAuts
     D:5: 1173 daAuts
     D:2: 1086 daAuts
     D:6: 814 daAuts
 Ossuary: 412 daAuts
     D:8: 89 daAuts
  Temple: 12 daAuts
